 Dungeon Crawl Stone Soup version 0.24.1 (webtiles) character file.

Game seed: 4579947750968616030, levelgen mode: deterministic

612506 ilchul the Slayer (level 27, -6/413 HPs)
             Began as an Ogre Fire Elementalist on Mar 28, 2020.
             Was a High Priest of Cheibriados.
             Mangled by a golden dragon (18 damage)
             ... on level 4 of the Realm of Zot on Mar 29, 2020.
             The game lasted 08:07:34 (78250 turns).

ilchul the Slayer (Ogre Fire Elementalist)         Turns: 78250, Time: 08:07:35

Health: -6/413     AC: 37    Str: 44    XL:     27
Magic:  22/55      EV: 13    Int: 41    God:    Cheibriados [*****.]
Gold:   2147       SH: 15    Dex: 19    Spells: 5/62 levels left

rFire    + + +     SeeInvis .   a - +8 demon trident (vamp)
rCold    . . .     Gourm    .   M - +1 shield {reflect}
rNeg     + + .     Faith    .   (armour currently unavailable)
rPois    ∞         Spirit   .   L - +3 hat of Pondering {ponderous, MR+ MP+10 Int+5}
rElec    +         Reflect  +   Y - +2 cloak
rCorr    .         Harm     .   (gloves unavailable)
MR       +++..                  (boots unavailable)
Stlth    +++.......             H - amulet of the Establishment {Regen+ Int+4 Dex-4}
HPRegen  1.18/turn              A - ring of Ymir {rElec rF+ rN+ Str+4 Int-3}
MPRegen  0.34/turn              y - ring of the Sneaky Yaks {+Fly rPois rF++ Int-2 Slay+3}

@: statue-form, slowed, very slow
A: large, unfitting armour, clever 1, strong 1
}: 3/15 runes: serpentine, barnacled, slimy
a: End Transformation, Bend Time, Temporal Distortion, Slouch, Step From Time,
Renounce Religion, Evoke Flight


You were on level 4 of the Realm of Zot.
You worshipped Cheibriados.
Cheibriados was extremely pleased with you.
You were very hungry.
You were a stone statue.
You visited 12 branches of the dungeon, and saw 56 of its levels.
You visited the Abyss 1 time.
You also visited: Ossuary and Desolation.

You collected 7928 gold pieces.
You spent 5781 gold pieces at shops.

Inventory:

Hand Weapons
 a - a +8 vampiric demon trident (weapon)
 b - a +9 demon trident of flaming
 C - a +9 demon trident of venom
Missiles
 h - 24 curare-tipped darts
 w - 54 silver javelins
 x - 6 boomerangs
 I - 27 javelins
 P - 13 boomerangs of dispersal (quivered)
 W - 81 large rocks
 Z - 3 throwing nets
Armour
 z - +7 gold dragon scales (melded)
 L - the +3 hat of Pondering (worn) {ponderous, MR+ MP+10 Int+5}
   (You bought it in a shop on level 9 of the Dungeon)

   It affects your intelligence (+5).
   It affects your resistance to hostile enchantments.
   It affects your magic capacity (+10).
 M - a +1 shield of reflection (worn)
 Y - a +2 cloak (worn)
Magical Staves
 n - an uncursed staff of wizardry
Jewellery
 l - the ring "Tiung" {rElec rC+ Int+6 Dex+5}
   (You bought it in a shop on level 1 of the Depths)

   [ring of dexterity]

   It affects your intelligence (+6).
   It affects your dexterity (+5).
   It protects you from cold.
   It insulates you from electricity.
 y - the ring of the Sneaky Yaks (right hand) {+Fly rPois rF++ Int-2 Slay+3}
   (You bought it in a shop on level 1 of the Snake Pit)

   [ring of flight]

   It affects your intelligence (-2).
   It affects your accuracy and damage with ranged weapons and melee attacks
   (+3).
   It greatly protects you from fire.
   It protects you from poison.
   It lets you fly.
 A - the ring of Ymir (left hand) {rElec rF+ rN+ Str+4 Int-3}
   (You took it off a servant of whispers in the Desolation of Salt)

   [ring of strength]

   It affects your strength (+4).
   It affects your intelligence (-3).
   It protects you from fire.
   It insulates you from electricity.
   It protects you from negative energy.
 F - an uncursed ring of resist corrosion
 H - the amulet of the Establishment (around neck) {Regen+ Int+4 Dex-4}
   (You bought it in a shop on level 2 of the Shoals)

   [amulet of regeneration]

   It affects your intelligence (+4).
   It affects your dexterity (-4).
   It increases your rate of regeneration.
 N - an uncursed ring of see invisible
 O - the ring of Muij {rC++ rN+}
   (You took it off a hell knight on level 3 of the Crypt)

   [ring of positive energy]

   It greatly protects you from cold.
   It protects you from negative energy.
 S - an uncursed ring of protection from magic
Wands
 t - a wand of acid (10)
 R - a wand of iceblast (52)
 X - a wand of digging (4)
Scrolls
 f - 7 scrolls of identify
 g - 8 scrolls of fog
 j - 28 scrolls of remove curse
 k - 13 scrolls of fear
 q - 3 scrolls of blinking
 v - 27 scrolls of teleportation
 D - a scroll of amnesia
 E - a scroll of torment
 J - a scroll of silence
 K - 3 scrolls of magic mapping
 Q - 6 scrolls of immolation
 T - 3 scrolls of holy word
Potions
 i - 3 potions of invisibility
 m - 12 potions of might
 o - 11 potions of heal wounds
 p - 4 potions of magic
 r - 20 potions of curing
 s - 11 potions of agility
 B - 4 potions of cancellation
 G - 8 potions of brilliance
 U - 6 potions of ambrosia
Miscellaneous
 d - a lamp of fire
 e - 3 boxes of beasts
 u - 4 phantom mirrors
Comestibles
 c - 80 rations


   Skills:
 * Level 26.1 Fighting
   Level 0.1 Short Blades
   Level 2.1(10.7) Axes
 + Level 15.6 Polearms
 + Level 14.6 Throwing
 + Level 15.2 Armour
 - Level 4.7 Dodging
 - Level 4.0 Stealth
 - Level 9.1 Shields
 - Level 18.0 Spellcasting
 - Level 11.0 Conjurations
 - Level 4.3 Hexes
 - Level 4.1 Charms
 - Level 5.0 Summonings
 - Level 6.0 Necromancy
 - Level 2.0 Translocations
 - Level 10.5 Transmutations
 - Level 10.0 Fire Magic
 - Level 8.6 Air Magic
 - Level 11.4 Earth Magic
 - Level 3.2 Poison Magic
 - Level 12.2 Invocations
 - Level 6.0 Evocations


You had 5 spell levels left.
You knew the following spells:

 Your Spells              Type           Power        Failure   Level  Hunger
a - Flame Tongue          Conj/Fire      #####        0%          1    None
b - Conjure Flame         Conj/Fire      #######.     1%          3    None
c - Sticky Flame          Conj/Fire      #######.     1%          4    None
d - Passwall              Tmut/Erth      #######.     0%          2    None
e - Apportation           Tloc           ######       1%          1    None
f - Fireball              Conj/Fire      #######...   1%          5    None
g - Borgnjor's Vile Clut  Necr/Erth      #######...   1%          5    None
h - Blink                 Tloc           N/A          1%          2    None
i - Airstrike             Air            #######...   1%          4    None
j - Summon Lightning Spi  Summ/Air       #######.     1%          4    None
k - Statue Form           Tmut/Erth      #######..    1%          6    None
l - Swiftness             Chrm/Air       ######..     1%          2    None
m - Conjure Ball Lightni  Conj/Air       #######...   1%          6    None
n - Regeneration          Chrm/Necr      ######....   1%          3    None
o - Olgreb's Toxic Radia  Pois           ######..     1%          4    None
p - Yara's Violent Unrav  Hex/Tmut       #######...   1%          5    None

Your spell library contained the following spells:

 Spells                   Type           Power        Failure   Level  Hunger
 Beastly Appendage        Tmut           ######       0%          1    None
 Magic Dart               Conj           ####         0%          1    None
 Sandblast                Erth           ######       0%          1    None
 Shock                    Conj/Air       ####         0%          1    None
 Searing Ray              Conj           ######       0%          2    None
 Sticks to Snakes         Tmut           #######.     0%          2    None
 Throw Flame              Conj/Fire      ######       0%          2    None
 Confusing Touch          Hex            ######       1%          1    None
 Corona                   Hex            ######.      1%          1    None
 Freeze                   Ice            ####         1%          1    None
 Sting                    Conj/Pois      ####         1%          1    None
 Summon Butterflies       Summ           ######..     1%          1    None
 Summon Small Mammal      Summ           ####         1%          1    None
 Call Imp                 Summ           ######..     1%          2    None
 Corpse Rot               Necr           N/A          1%          2    None
 Ensorcelled Hibernation  Hex/Ice        ######       1%          2    None
 Poisonous Vapours        Pois/Air       ######       1%          2    None
 Shroud of Golubria       Chrm/Tloc      ######       1%          2    None
 Slow                     Hex            ######..     1%          2    None
 Sublimation of Blood     Necr           ######....   1%          2    None
 Throw Frost              Conj/Ice       ######       1%          2    None
 Call Canine Familiar     Summ           ######..     1%          3    None
 Confuse                  Hex            ######..     1%          3    None
 Dazzling Spray           Conj/Hex       ######       1%          3    None
 Gell's Gravitas          Tloc           ######....   1%          3    None
 Ignite Poison            Fire/Tmut/Pois #######.     1%          3    None
 Inner Flame              Hex/Fire       #######.     1%          3    None
 Lesser Beckoning         Tloc           ######....   1%          3    None
 Mephitic Cloud           Conj/Pois/Air  #######.     1%          3    None
 Ozocubu's Armour         Chrm/Ice       ######..     1%          3    None
 Portal Projectile        Hex/Tloc       ######       1%          3    None
 Recall                   Summ/Tloc      N/A          1%          3    None
 Spider Form              Tmut/Pois      #######...   1%          3    None
 Static Discharge         Conj/Air       #######.     1%          3    None
 Stone Arrow              Conj/Erth      ######       1%          3    None
 Summon Guardian Golem    Hex/Summ       ######..     1%          3    None
 Tukima's Dance           Hex            ######..     1%          3    None
 Vampiric Draining        Necr           ######....   1%          3    None
 Cause Fear               Hex            ######....   1%          4    None
 Force Lance              Conj/Tloc      ######..     1%          4    None
 Fulminant Prism          Conj/Hex       #######...   1%          4    None
 Ice Form                 Ice/Tmut       ######..     1%          4    None
 Iskenderun's Mystic Bla  Conj           #######.     1%          4    None
 Leda's Liquefaction      Hex/Erth       #######...   1%          4    None
 Petrify                  Tmut/Erth      #######.     1%          4    None
 Throw Icicle             Conj/Ice       ######..     1%          4    None
 Agony                    Necr           ######..     1%          5    None
 Alistair's Intoxication  Tmut/Pois      #######.     1%          5    None
 Blade Hands              Tmut           #######...   1%          5    None
 Bolt of Draining         Conj/Necr      #######...   1%          5    None
 Bolt of Magma            Conj/Fire/Erth #######...   1%          5    None
 Dispel Undead            Necr           ######..     1%          5    None
 Irradiate                Conj/Tmut      #######...   1%          5    None
 Iskenderun's Battlesphe  Conj/Chrm      #######.     1%          5    None
 Lee's Rapid Deconstruct  Erth           #######...   1%          5    None
 Lightning Bolt           Conj/Air       #######...   1%          5    None
 Silence                  Hex/Air        ######....   1%          5    None
 Venom Bolt               Conj/Pois      #######...   1%          5    None
 Summon Ice Beast         Ice/Summ       ######..     2%          4    None
 Aura of Abjuration       Summ           ######....   2%          5    None
 Excruciating Wounds      Chrm/Necr      ######....   2%          5    None
 Summon Demon             Summ           ######....   2%          5    None
 Passage of Golubria      Tloc           N/A          3%          4    None
 Summon Mana Viper        Hex/Summ       ######..     3%          5    None
 Summon Forest            Summ/Tloc      ######....   4%          5    None
 Metabolic Englaciation   Hex/Ice        ######....   9%          5    None
 Bolt of Fire             Conj/Fire      #######...   1%          6    None
 Hydra Form               Tmut           #######...   1%          6    None
 Iron Shot                Conj/Erth      #######...   1%          6    None
 Poison Arrow             Conj/Pois      #######...   6%          6    None
 Orb of Destruction       Conj           #######...   7%          7    None
 Deflect Missiles         Chrm/Air       ######....   8%          6    None
 Freezing Cloud           Conj/Ice/Air   ######....   8%          6    None
 Dragon Form              Tmut           #######...   9%          7    None
 Death Channel            Necr           ######....   10%         6    None
 Bolt of Cold             Conj/Ice       ######....   12%         6    None
 Shadow Creatures         Summ           N/A          14%         6    None
 Darkness                 Hex            ######....   19%         6    None
 Invisibility             Hex            ######..     19%         6    None
 Spellforged Servitor     Conj/Summ      #######...   22%         7    None
 Simulacrum               Ice/Necr       ######....   32%         6    None
 Ring of Flames           Chrm/Fire      #######...   32%         7    None
 Haunt                    Necr/Summ      ######....   54%         7    None
 Monstrous Menagerie      Summ           ######....   61%         7    None
 Summon Greater Demon     Summ           ######....   61%         7    None
 Summon Hydra             Summ           ######....   61%         7    None
 Ignition                 Fire           #######...   61%         8    ###....
 Chain Lightning          Conj/Air       #######...   63%         8    ###....
 Ozocubu's Refrigeration  Ice            #####.....   73%         6    None
 Malign Gateway           Summ/Tloc      ######....   82%         7    None
 Necromutation            Tmut/Necr      #######...   85%         8    ###....
 Borgnjor's Revivificati  Necr           ######....   99%         8    ###....
 Death's Door             Chrm/Necr      ######....   99%         8    ###....
 Infestation              Necr           ######....   99%         8    ###....
 Summon Horrible Things   Summ           ######....   99%         8    ###....
 Discord                  Hex            ######....   100%        8    ###....
 Disjunction              Tloc           ######....   100%        8    ###....
 Dragon's Call            Summ           ######....   100%        9    #####..
 Fire Storm               Conj/Fire      #######...   100%        9    #####..
 Glaciate                 Conj/Ice       ######....   100%        9    #####..
 Shatter                  Erth           #######...   100%        9    #####..
 Tornado                  Air            #######...   100%        9    #####..


Dungeon Overview and Level Annotations

Branches:
Dungeon (15/15)            Temple (1/1) D:6            Lair (6/6) D:11
 Shoals (4/4) Lair:3        Snake (4/4) Lair:3        Slime (5/5) Lair:5
    Orc (2/2) D:12            Elf (3/3) Orc:2        Vaults (4/5) D:13
  Crypt (3/3) Vaults:3       Tomb (0/3) Crypt:3      Depths (5/5) D:15
    Zot (4/5) Depths:5    Ossuary (visited)         Desolation (visited)

Altars:
Ashenzari
Cheibriados
Dithmenos
Elyvilon
Fedhas
Gozag
Hepliaklqana
Kikubaaqudgha
Makhleb
Nemelex Xobeh
Okawaru
Qazlal
Ru
Sif Muna
Trog
Uskayaw
Vehumet
Wu Jian
Xom
Yredelemnul
Zin
The Shining One
Beogh
Jiyva

Shops:
D:9 [   D:12 *   Orc:2 (:[*   Shoals:2 *   Snake:1 ==   Snake:2 *}}}
Vaults:3 *   Vaults:4 =   Depths:1 =:*   Depths:4 [   Depths:5 [

Portals:
Hell: Depths:1 Depths:2 Depths:3 Depths:4 Depths:5
Abyss: Depths:4
Pandemonium: Depths:3
Ziggurat: Depths:2

Annotations:
D:2 exclusions: centaur and downstairs
D:5 book over water, Akano's ghost, novice MiFi
D:8 exclusion: 2 downstairs
D:10 exclusion: 2 downstairs
D:12 exclusion: downstairs
Shoals:1 exclusion: downstairs
Shoals:2 exclusion: downstairs
Snake:1 exclusion: 2 downstairs
Snake:2 exclusion: downstairs
Snake:3 exclusion: downstairs
Depths:3 exclusion: downstairs
Depths:5 exclusion: upstairs


Innate Abilities, Weirdness & Mutations

You are too large for most types of armour.
((You have tough skin. (AC +1)))
Your mind is acute. (Int +2)
Your muscles are strong. (Str +2)


Message History

The tentacled monstrosity barely misses you.
You feel much better.
The golden dragon bites you but does no damage.
The golden dragon claws you!!
* * * LOW HITPOINT WARNING * * *
The golden dragon tramples you!
* * * LOW HITPOINT WARNING * * *
You hold your ground!
You block the golden dragon's attack. x2
The golden dragon barely misses you.
The white draconian breathes frost at you.
The chilling blast misses you.
The tentacled monstrosity tentacle-slaps you but does no damage.
You block the tentacled monstrosity's attack.
The tentacled monstrosity tentacle-slaps you but does no damage.
The tentacled monstrosity closely misses you.
The golden dragon bites you but does no damage.
The golden dragon claws you.
* * * LOW HITPOINT WARNING * * *
The golden dragon tramples you!!
You die...

#### #....
#.§... #.$§...
##)..)§..
##8).)....
##.XD).....
##....†.....
##d..........
##............
##....##.......
##....##
.......
##....##
.......
##....## ......


You could see a tentacled monstrosity, a golden dragon (berserk) and a white
draconian.

Vanquished Creatures
  the Royal Jelly (Slime:5)
  Dissolution (Slime:2)
  Mara (Depths:4)
  A juggernaut (Depths:4)
  An ancient lich (Crypt:3)
  A curse toe (Zot:2)
  Xtahua (Crypt:3)
  10 golden dragons
  Nikola (Depths:2)
  2 bone dragons
  An electric golem (Zot:2)
  6 liches
  8 tentacled monstrosities
  Asterion (Snake:2)
  Jorgrun (Orc:2)
  5 quicksilver dragons
  2 deep elf blademasters (Elf:3)
  18 acid blobs
  Frances (Snake:2)
  14 death cobs
  3 sphinxes (Depths:4)
  2 thorn hunters (Depths:2)
  8 shadow dragons
  9 storm dragons
  5 draconian monks
  5 tengu reavers
  7 azure jellies
  A storm dragon (shapeshifter) (Elf:1)
  A revenant (Crypt:1)
  Donald (Orc:2)
  9 nagarajas
  8 fire giants
  An iron dragon (Depths:3)
  2 draconian scorchers
  5 deep elf sorcerers
  10 frost giants
  A ghost moth (Zot:1)
  12 vault wardens
  6 draconian knights
  6 deep elf elementalists
  The ghost of Teryn the Corrupter of Planes, a journeyman DsAK of Lugonu (Shoals:1)
  A curse skull (Crypt:1)
  A balrug (Depths:2)
  2 orc warlords
  An imperial myrmidon (Desolation)
  Louise (Snake:4)
  3 draconian stormcallers
  2 draconian shifters
  6 draconian annihilators
  5 ghouls
  12 ironheart preservers
  9 stone giants
  7 green draconians
  4 war gargoyles (Crypt:3)
  3 spriggan defenders (Depths:4)
  19 very ugly things
  8 black draconians
  7 deep elf demonologists
  2 purple draconians (Zot:1)
  Azrael (Elf:1)
  9 deep elf annihilators
  5 vampire knights
  13 spark wasps
  A merfolk javelineer (Shoals:2)
  4 red draconians (Zot:2)
  9 yellow draconians
  4 white draconians
  8 deep elf death magi
  7 death oozes
  11 ettins
  2 eidola
  11 fire dragons
  8 great orbs of eyes
  8 merfolk impalers
  6 jiangshi
  8 crystal guardians
  8 ragged hierophants
  2 deep elf high priests (Elf:3)
  11 ice dragons
  Fannar (Lair:3)
  11 rakshasas
  Harold (D:9)
  3 spriggan air magi
  A catoblepas (Lair:5)
  7 yaktaur captains
  3 servants of whispers (Desolation)
  7 hydras
  17 naga warriors
  8 peacekeepers (Desolation)
  6 centaur warriors
  5 vault guards
  6 merfolk avatars
  13 anacondas
  An anaconda (shapeshifter) (Depths:4)
  4 merfolk aquamancers (Shoals:4)
  2 alligator snapping turtles
  Erica (Lair:2)
  40 two-headed ogres
  A death knight (D:15)
  31 dancing weapons
  9 ogre magi
  A deep troll shaman (Depths:4)
  A queen ant (shapeshifter) (Vaults:1)
  A satyr (Shoals:2)
  5 orc high priests
  2 vampire magi
  6 tengu warriors
  5 spriggan berserkers
  16 naga sharpshooters
  4 deep troll earth magi
  21 deep elf knights
  2 sun demons (Depths:2)
  5 shock serpents
  A titan skeleton (Crypt:1)
  10 hell knights
  3 salamander mystics
  2 shadow wraiths
  23 skeletal warriors
  A small abomination (Elf:2)
  14 deep trolls
  A fire crab (shapeshifter) (Depths:3)
  7 sea snakes
  4 unseen horrors
  2 flayed ghosts
  A storm dragon skeleton (Crypt:3)
  4 glowing orange brains
  A lindwurm (Lair:2)
  10 wizards
  5 phantasmal warriors
  An obsidian statue (Zot:3)
  8 naga ritualists
  9 ironbrand convokers
  A shadow dragon zombie (Crypt:1)
  13 deep elf archers
  An anaconda skeleton (Crypt:3)
  8 orc knights
  9 necromancers
  24 harpies
  2 iron dragon zombies
  5 orc sorcerers
  52 deep elf magi
  2 oklob plants (Lair:2)
  A salamander (shapeshifter) (Vaults:1)
  3 shining eyes
  11 mana vipers
  7 wolf spiders
  2 cyclopes
  A wolf spider (shapeshifter) (Depths:3)
  5 manticores
  9 fauns
  A worldbinder (Abyss:2)
  24 ugly things
  A shining eye (shapeshifter) (Depths:2)
  5 salamanders
  17 moths of wrath
  Maurice (D:9)
  9 guardian serpents
  2 centaur zombies
  17 naga magi
  12 elephants
  A guardian serpent (shapeshifter) (Vaults:3)
  7 molten gargoyles
  7 merfolk sirens
  A fire giant skeleton (Crypt:3)
  40 black mambas
  A dire elephant skeleton (Crypt:1)
  An eye of devastation (Slime:3)
  24 spiny frogs
  3 centaur skeletons
  A gargoyle (D:12)
  14 vault sentinels
  5 water nymphs
  4 rime drakes
  8 freezing wraiths
  A redback zombie (D:9)
  32 yaktaurs
  6 komodo dragons
  4 tengu conjurers
  3 guardian mummies (Crypt:1)
  A queen bee (shapeshifter) (Vaults:2)
  7 wind drakes
  12 trolls
  3 hydra skeletons
  A polar bear (Lair:5)
  11 merfolk
  4 tyrant leeches (Lair:6)
  A fire dragon zombie (Crypt:3)
  8 hornets
  44 saltlings
  2 harpy skeletons
  7 snapping turtles
  39 slime creatures
  A fire giant simulacrum (Vaults:4)
  9 hippogriffs
  An ettin zombie (Crypt:1)
  24 blink frogs
  A dream sheep (Shoals:3)
  38 flying skulls
  5 air elementals
  An ettin skeleton (Crypt:1)
  21 water elementals
  2 shadows
  A vampire (D:13)
  2 spriggans
  A tarantella (shapeshifter) (Depths:4)
  25 yaks
  2 wyverns
  4 basilisks
  18 humans (D:13)
  4 wraiths
  Eustachio (D:6)
  9 fire elementals
  2 humans (shapeshifter)
  A black mamba skeleton (Crypt:3)
  4 golden eyes (Slime:5)
  2 hungry ghosts
  A steam dragon (Lair:3)
  8 vampire mosquitoes
  2 basilisks (shapeshifter) (D:14)
  A warg (Vaults:3)
  33 nagas
  A soldier ant (D:13)
  3 hell hounds (Elf:1)
  An orb spider zombie (Crypt:2)
  3 acid dragons
  A gelid demonspawn skeleton (Crypt:1)
  11 water moccasins
  6 porcupines
  A merfolk skeleton (Crypt:1)
  4 sky beasts
  2 ice beasts
  44 orc warriors
  A snapping turtle zombie (Crypt:3)
  3 human zombies
  2 phantoms
  5 necrophages
  24 ogres
  10 wolves
  16 centaurs
  5 boggarts
  An elephant skeleton (Crypt:2)
  12 crocodiles
  A crocodile (shapeshifter) (Depths:2)
  3 big kobolds
  A fire crab zombie (Crypt:2)
  21 bullfrogs
  A gnoll sergeant (D:9)
  12 earth elementals
  2 human simulacra
  A cyclops zombie (Crypt:1)
  5 scorpions
  A water moccasin skeleton (D:8)
  12 killer bees
  A troll skeleton (Crypt:3)
  8 wights
  9 electric eels
  3 howler monkeys
  A lava snake (Elf:1)
  8 crimson imps
  A quasit (Depths:3)
  2 bullfrog zombies
  5 jellies
  26 orc priests
  10 hounds
  34 orc wizards
  2 bullfrog skeletons
  An iron imp (Abyss:2)
  Jessica (D:2)
  A black bear zombie (Crypt:1)
  A human skeleton (Crypt:1)
  7 iguanas
  Ijyb (D:3)
  11 worker ants
  A killer bee zombie (D:9)
  A naga zombie (Crypt:2)
  A big kobold zombie (Ossuary)
  A felid skeleton (Crypt:1)
  A naga skeleton (Crypt:2)
  A hound skeleton (Crypt:2)
  10 mummies
  A worker ant zombie (D:9)
  A howler monkey skeleton (D:6)
  8 gnolls
  6 adders
  4 shadow imps
  2 oozes (D:2)
  An adder skeleton (D:4)
  3 worms
  3 dart slugs (D:1)
  5 leopard geckos
  92 orcs
  4 ball pythons
  3 giant cockroaches
  3 goblins
  8 hobgoblins
  5 jackals
  3 quokkas
  6 bats
  2 frilled lizards
  2 giant cockroach zombies
  A gnoll skeleton (Crypt:1)
  A goblin skeleton (Crypt:2)
  A hobgoblin zombie (Ossuary)
  A jackal skeleton (Crypt:2)
  11 kobolds
  4 kobold zombies
  An orc skeleton (Crypt:1)
  3 orc zombies (Ossuary)
  6 rats
  A crawling corpse (Depths:3)
  3 fire vortices (Depths:2)
  3 plants
2098 creatures vanquished.

Vanquished Creatures (collateral kills)
  A lich (Depths:1)
  4 acid blobs (Slime:5)
  A sphinx (Vaults:4)
  A death cob (Zot:3)
  A shadow dragon (Depths:4)
  A tengu reaver (Depths:4)
  2 nagarajas
  An azure jelly (Slime:3)
  4 fire giants
  A frost giant (Depths:3)
  An iron dragon (Depths:4)
  A deep elf sorcerer (Elf:3)
  A vault warden (Vaults:1)
  2 imperial myrmidons (Desolation)
  A draconian shifter (Zot:1)
  2 ironheart preservers
  A draconian annihilator (Zot:3)
  2 very ugly things (Depths:2)
  A stone giant (Depths:2)
  A juggernaut skeleton (Crypt:2)
  A vampire knight (Depths:4)
  A yellow draconian (Zot:2)
  2 deep elf annihilators (Elf:3)
  A deep elf demonologist (Elf:3)
  2 red draconians
  4 merfolk javelineers (Shoals:4)
  A deep elf death mage (Elf:3)
  An ettin (Depths:3)
  3 eidola
  2 fire dragons (Depths:5)
  3 merfolk impalers
  2 yaktaur captains
  2 jiangshi (Crypt:2)
  2 servants of whispers (Desolation)
  A ragged hierophant (Desolation)
  2 rakshasas (Depths:3)
  2 naga warriors
  5 vault guards
  2 merfolk avatars (Shoals:3)
  5 centaur warriors
  An anaconda (Snake:3)
  3 merfolk aquamancers (Shoals:4)
  2 two-headed ogres
  An alligator snapping turtle (Shoals:4)
  3 deep troll shamans
  3 tengu warriors
  An ogre mage (Vaults:1)
  A titan zombie (Crypt:3)
  2 naga sharpshooters
  A vampire mage (Crypt:2)
  2 spriggan berserkers
  6 deep elf knights
  3 salamander mystics (Snake:4)
  A deep troll (Vaults:3)
  3 naga ritualists
  A glowing orange brain (Depths:3)
  5 deep elf archers
  3 ironbrand convokers
  4 harpies (Shoals:3)
  2 necromancers
  14 deep elf magi
  A manticore (Shoals:1)
  2 ugly things (Depths:1)
  A wolf spider (Vaults:1)
  6 salamanders
  A cyclops (Shoals:4)
  2 shining eyes (Slime:5)
  An orc sorcerer (Vaults:2)
  A moth of wrath (Zot:2)
  4 vault sentinels
  A merfolk siren (Shoals:3)
  5 black mambas
  2 water nymphs (Shoals:4)
  2 guardian serpents
  6 naga magi
  11 yaktaurs
  4 tengu conjurers
  2 merfolk
  A troll (Vaults:1)
  2 hornets
  2 wind drakes (Shoals:4)
  9 slime creatures
  19 saltlings
  A hippogriff (Shoals:4)
  3 snapping turtles
  2 dream sheep (Shoals:3)
  4 spriggans
  2 wraiths
  A black mamba skeleton (Crypt:3)
  2 spriggan skeletons (Depths:2)
  20 nagas
  An acid dragon (shapeshifter) (Vaults:1)
  3 orc warriors (Vaults:1)
  2 eyes of draining (Slime:5)
  2 necrophages (Crypt:2)
  A centaur (Vaults:3)
  An ogre (Vaults:1)
  2 boggarts (Depths:3)
  4 orc priests (Vaults:1)
  A human skeleton (Crypt:1)
  A mummy (Crypt:1)
  4 orcs
  A crawling corpse (Depths:3)
279 creatures vanquished.

Vanquished Creatures (others)
  2 deep elf master archers (Elf:3)
  A vault warden (Vaults:3)
  2 stone giants
  A deep elf annihilator (Elf:3)
  A purple draconian (Zot:2)
  2 yaktaur captains
  2 centaur warriors
  2 dancing weapons (Crypt:3)
  2 naga sharpshooters
  A deep elf knight (Elf:2)
  A death drake (shapeshifter) (Depths:3)
  31 ball lightnings
  2 fauns (Shoals:3)
  A cyclops (Shoals:3)
  9 yaktaurs
  A merfolk (Shoals:2)
  6 centaurs
  An orc (D:9)
  A goblin (D:3)
  5 bushes
  36 fungi
  68 plants
178 creatures vanquished.

Grand Total: 2555 creatures vanquished

Notes
Turn   | Place    | Note
-------+----------+-------------------------------------------
     0 | D:1      | ilchul the Ogre Fire Elementalist began the quest for the
                  | Orb.
     0 | D:1      | Reached XP level 1. HP: 16/16 MP: 3/3
   165 | D:1      | Reached XP level 2. HP: 26/26 MP: 2/5
   232 | D:1      | Reached skill level 1 in Fighting
   617 | D:1      | Reached skill level 1 in Conjurations
   648 | D:1      | Reached XP level 3. HP: 25/33 MP: 1/7
   954 | D:1      | Learned a level 3 spell: Conjure Flame
  1069 | D:2      | Noticed a centaur
  1085 | D:2      | Noticed Jessica
  1096 | D:2      | Killed Jessica
  1156 | D:1      | Reached XP level 4. HP: 32/42 MP: 1/8
  1313 | D:2      | Reached skill level 2 in Fighting
  2483 | D:3      | Reached XP level 5. HP: 46/50 MP: 8/10
  3073 | D:3      | Reached XP level 6. HP: 51/59 MP: 7/12
  3081 | D:3      | Reached skill level 3 in Fighting
  3237 | D:3      | Noticed Ijyb
  3257 | D:3      | Killed Ijyb
  3354 | D:3      | Reached skill level 1 in Throwing
  3394 | D:3      | Found an opulent altar of Gozag.
  3653 | D:3      | Learned a level 4 spell: Sticky Flame
  3714 | D:4      | Got a shimmering spear
  3715 | D:4      | Identified the +6 spear of the Secret Seas {freeze, rN+
                  | Int+4} (You found it on level 4 of the Dungeon)
  4262 | D:4      | Found a glowing golden altar of the Shining One.
  4263 | D:4      | Found an iron altar of Okawaru.
  4587 | D:4      | Reached XP level 7. HP: 42/67 MP: 9/14
  5167 | D:5      | Entered Level 5 of the Dungeon
  5237 | D:5      | Found a runed translucent door.
  5238 | D:5      | Noticed Akano's ghost (novice MiFi)
  5502 | D:5      | Reached skill level 5 in Spellcasting
  5512 | D:5      | Reached skill level 1 in Polearms
  5820 | D:5      | Found a shimmering blue altar of Sif Muna.
  5838 | D:5      | Reached skill level 4 in Fighting
  5891 | D:5      | Became a worshipper of Sif Muna the Loreminder
  6085 | D:6      | Found a sand-covered staircase.
  6090 | Ossuary  | Entered an ossuary
  6128 | Ossuary  | Reached XP level 8. HP: 79/79 MP: 10/16
  6238 | Ossuary  | Reached * piety under Sif Muna
  6441 | D:6      | Found a staircase to the Ecumenical Temple.
  6758 | D:6      | Noticed Eustachio
  6769 | D:6      | Killed Eustachio
  6932 | D:6      | Reached skill level 5 in Fighting
  6970 | D:6      | Found a shimmering altar of Xom.
  7156 | D:7      | Reached skill level 1 in Axes
  7160 | D:7      | Learned a level 2 spell: Passwall
  7164 | D:7      | Learned a level 3 spell: Stone Arrow
  7263 | D:7      | Identified the Almanac of Captivating Intoxication
  7270 | D:7      | Reached skill level 5 in Fire Magic
  7406 | D:7      | Noticed a hippogriff
  7409 | D:7      | Killed a hippogriff
  7409 | D:7      | Reached XP level 9. HP: 88/88 MP: 10/18
  7449 | D:7      | Reached skill level 1 in Transmutations
  7449 | D:7      | Reached skill level 1 in Earth Magic
  7583 | D:7      | Reached ** piety under Sif Muna
  8040 | D:7      | Reached skill level 6 in Fighting
  8223 | D:8      | Found a shadowy altar of Dithmenos.
  8517 | D:8      | Found a shimmering altar of Xom.
  8702 | D:5      | Identified Sif Muna's Catalogue of Damage Dealing
  9151 | D:8      | Found a shadowy altar of Dithmenos.
  9152 | D:8      | Found a glowing silver altar of Zin.
  9283 | D:8      | Noticed a two-headed ogre
  9301 | D:8      | Killed a two-headed ogre
  9301 | D:8      | Reached skill level 5 in Throwing
  9301 | D:8      | Reached XP level 10. HP: 36/99 MP: 7/20
  9811 | D:9      | Noticed Maurice
  9827 | D:9      | Noticed Harold
  9848 | D:9      | Reached skill level 7 in Fighting
 10273 | D:9      | Killed Maurice
 10594 | D:9      | Reached *** piety under Sif Muna
 10919 | D:9      | Reached skill level 5 in Polearms
 11617 | D:9      | Killed Harold
 11791 | D:9      | Found a hide-covered altar of Uskayaw.
 11902 | D:9      | Found Lof Qex's Antique Armour Shoppe.
 12034 | D:10     | Entered Level 10 of the Dungeon
 12061 | D:10     | Reached skill level 1 in Shields
 12620 | D:10     | Reached XP level 11. HP: 109/111 MP: 15/22
 12662 | D:10     | Noticed an unseen horror
 12663 | D:10     | Killed an unseen horror
 12868 | D:10     | Noticed a two-headed ogre
 12890 | D:10     | Killed a two-headed ogre
 12890 | D:10     | Reached skill level 5 in Shields
 13778 | D:10     | Reached **** piety under Sif Muna
 14151 | D:11     | Identified the +4 short sword of Evisceration {vamp, MR+
                  | Str+7}
 14161 | D:11     | Found a staircase to the Lair.
 14213 | D:11     | Learned a level 5 spell: Fireball
 14218 | D:11     | Learned a level 4 spell: Force Lance
 14919 | D:12     | Found Zunieh's General Store.
 14933 | D:12     | Bought a scroll of teleportation for 45 gold pieces
 14954 | D:12     | Found a staircase to the Orcish Mines.
 15190 | D:12     | Noticed a white ugly thing
 15190 | D:12     | Noticed a centaur warrior
 15196 | D:12     | Killed a white ugly thing
 15196 | D:12     | Killed a centaur warrior
 15196 | D:12     | Reached XP level 12. HP: 75/119 MP: 3/23
 15197 | D:12     | Noticed a two-headed ogre
 15203 | D:12     | Noticed a great orb of eyes
 15207 | D:12     | Noticed a two-headed ogre
 15208 | D:12     | Killed a great orb of eyes
 15216 | D:12     | Killed a two-headed ogre
 15223 | D:12     | Killed a two-headed ogre
 15533 | D:12     | Reached skill level 8 in Fighting
 15533 | D:12     | Reached skill level 5 in Conjurations
 15533 | D:12     | Reached skill level 1 in Translocations
 15536 | D:12     | Noticed a two-headed ogre
 15549 | D:12     | Killed a two-headed ogre
 15644 | D:12     | Found a runed translucent door.
 15645 | D:12     | Found a runed translucent door.
 15982 | D:13     | Noticed a centaur warrior
 16094 | D:13     | Noticed a centaur warrior
 16094 | D:13     | Noticed a two-headed ogre
 16113 | D:13     | Killed a two-headed ogre
 16228 | D:13     | Killed a centaur warrior
 16228 | D:13     | Reached skill level 1 in Armour
 16386 | D:13     | Killed a centaur warrior
 16646 | D:13     | Noticed a centaur warrior
 16661 | D:13     | Killed a centaur warrior
 16661 | D:13     | Reached XP level 13. HP: 97/127 MP: 20/25
 16766 | D:13     | Reached skill level 5 in Armour
 17242 | D:13     | Reached skill level 1 in Invocations
 17332 | D:13     | Reached ***** piety under Sif Muna
 17378 | D:13     | Identified Ydinn's Incunabulum of Moulding (Sif Muna gifted
                  | it to you on level 13 of the Dungeon)
 17378 | D:13     | Received a gift from Sif Muna
 17427 | D:13     | Noticed a vault guard
 17430 | D:13     | Noticed a vault guard
 17464 | D:13     | Killed a vault guard
 17467 | D:13     | Killed a vault guard
 17716 | D:13     | Reached skill level 9 in Fighting
 17790 | D:13     | Found a gate to the Vaults.
 17847 | D:13     | Cast into level 2 of the Abyss (a wizard)
 17851 | Abyss:2  | Learned a level 2 spell: Blink
 17855 | Abyss:2  | Learned a level 3 spell: Inner Flame
 17894 | Abyss:2  | Gained mutation: Your muscles are strong. (Str +2) [potion
                  | of mutation]
 17894 | Abyss:2  | Gained mutation: Your mind is acute. (Int +2) [potion of
                  | mutation]
 17983 | D:13     | Escaped the Abyss
 18184 | D:14     | Found an opulent altar of Gozag.
 19216 | D:14     | Found a hazy altar of Hepliaklqana.
 19412 | D:15     | Entered Level 15 of the Dungeon
 19759 | D:15     | Noticed a fire dragon
 19804 | D:15     | Killed a fire dragon
 19804 | D:15     | Reached XP level 14. HP: 141/141 MP: 27/27
 19856 | D:15     | Found a basalt altar of Yredelemnul.
 19857 | D:15     | Found a shimmering altar of Xom.
 19857 | D:15     | Found a burning altar of Makhleb.
 20396 | D:15     | Found a staircase to the Depths.
 20494 | Lair:1   | Entered Level 1 of the Lair of Beasts
 20988 | Lair:1   | Reached skill level 10 in Fighting
 21849 | Lair:2   | Reached skill level 10 in Polearms
 22165 | Lair:2   | Noticed Erica
 22177 | Lair:2   | Killed Erica
 23094 | Lair:3   | Got a smoking lapis lazuli ring
 23095 | Lair:3   | Identified the ring of Nuanyz {rF+ MP+9} (You found it on
                  | level 3 of the Lair of Beasts)
 23137 | Lair:3   | Identified Sif Muna's Incunabulum of the Torrid Rocks (Sif
                  | Muna gifted it to you on level 3 of the Lair of Beasts)
 23137 | Lair:3   | Received a gift from Sif Muna
 23332 | Lair:3   | Found a staircase to the Shoals.
 23530 | Lair:3   | Noticed Fannar
 23544 | Lair:3   | Killed Fannar
 23544 | Lair:3   | Reached skill level 10 in Spellcasting
 24067 | Lair:3   | Got a glittering marble ring
 24304 | Lair:3   | Found a staircase to the Snake Pit.
 25284 | Lair:5   | Identified the ring "Vomy" {rPois Dex+4} (You found it on
                  | level 3 of the Lair of Beasts)
 25338 | Lair:5   | Reached skill level 11 in Fighting
 25478 | Lair:5   | Identified the cursed +0 trident of the Nexus {pierce, rC+
                  | MP-9 Str+2} (You found it on level 5 of the Lair of Beasts)
 25529 | Lair:5   | Found a viscous altar of Jiyva.
 25530 | Lair:5   | Found a staircase to the Slime Pits.
 25888 | Lair:6   | Entered Level 6 of the Lair of Beasts
 25966 | Lair:6   | Reached XP level 15. HP: 154/154 MP: 29/29
 26245 | Lair:6   | Reached skill level 5 in Invocations
 26398 | Lair:6   | Identified Sif Muna's Catalogue of Evil and Flight (Sif
                  | Muna gifted it to you on level 6 of the Lair of Beasts)
 26398 | Lair:6   | Received a gift from Sif Muna
 26818 | Lair:6   | Identified the Volume of Companions and the Snowflakes
 27012 | Lair:6   | Reached skill level 12 in Fighting
 27685 | Lair:6   | Learned a level 4 spell: Summon Lightning Spire
 27821 | Orc:1    | Entered Level 1 of the Orcish Mines
 28420 | Orc:2    | Entered Level 2 of the Orcish Mines
 28601 | Orc:2    | Identified Sif Muna's Tome of Mutagenic Curses (Sif Muna
                  | gifted it to you on level 2 of the Orcish Mines)
 28601 | Orc:2    | Received a gift from Sif Muna
 28739 | Orc:2    | Found a staircase to the Elven Halls.
 28865 | Orc:2    | Reached skill level 1 in Air Magic
 28912 | Orc:1    | Reached skill level 1 in Summonings
 29246 | Orc:2    | Noticed an orc warlord
 29276 | Orc:2    | Killed an orc warlord
 30079 | Orc:2    | Noticed Donald
 30107 | Orc:2    | Killed Donald
 30354 | Orc:2    | Found Avalizymah's Antique Armour Shoppe.
 30355 | Orc:2    | Found Jenn's Antique Weapon Emporium.
 30356 | Orc:2    | Found Limed's General Store.
 30356 | Orc:2    | Found Jakkenam's Book Shoppe.
 30360 | Orc:2    | Bought a potion of heal wounds for 50 gold pieces
 30452 | Orc:2    | Noticed Jorgrun
 30646 | Orc:2    | Killed Jorgrun
 30646 | Orc:2    | Received a gift from Sif Muna
 30791 | Orc:2    | Reached XP level 16. HP: 167/167 MP: 31/31
 30868 | Orc:2    | Bought a scroll of identify for 20 gold pieces
 31131 | Orc:2    | Bought a book of Transfigurations for 550 gold pieces
 31138 | Orc:2    | Learned a level 6 spell: Statue Form
 31335 | Snake:1  | Entered Level 1 of the Snake Pit
 32892 | Snake:1  | Found Panab's Gadget Boutique.
 32892 | Snake:1  | Found Sainam's Jewellery Shoppe.
 32893 | Snake:1  | Found Kuadeoj's Jewellery Shoppe.
 32904 | Snake:1  | Bought the ring of the Sneaky Yaks {+Fly rPois rF++ Int-2
                  | Slay+3} for 928 gold pieces
 33289 | Snake:2  | Reached skill level 13 in Fighting
 33481 | Snake:2  | Noticed Frances
 33489 | Snake:2  | Killed Frances
 33942 | Snake:2  | Noticed a nagaraja
 33954 | Snake:2  | Killed a nagaraja
 34292 | Snake:2  | Noticed Asterion
 34303 | Snake:2  | Noticed an Executioner
 34306 | Snake:2  | Killed Asterion
 34319 | Snake:2  | HP: 6/170 [shock serpent (4)]
 34623 | Snake:2  | Identified Sif Muna's Papyrus of Floating Attacks (Sif Muna
                  | gifted it to you on level 2 of the Snake Pit)
 34623 | Snake:2  | Received a gift from Sif Muna
 34950 | Snake:2  | Found Mylih's Gadget Emporium.
 35313 | Snake:2  | Found Pimuc's Gadget Emporium.
 35317 | Snake:2  | Found Zuorram's Gadget Shoppe.
 35318 | Snake:2  | Found Koidwoge's Assorted Antiques.
 35681 | Snake:2  | Bought a fizzy orange potion for 27 gold pieces
 35682 | Snake:2  | Reached skill level 5 in Summonings
 35682 | Snake:2  | Reached skill level 5 in Air Magic
 35682 | Snake:2  | Reached XP level 17. HP: 178/178 MP: 33/33
 35746 | Snake:3  | Reached skill level 5 in Earth Magic
 35843 | Snake:3  | Reached skill level 5 in Transmutations
 36476 | Snake:3  | Reached XP level 18. HP: 148/187 MP: 18/34
 36685 | Snake:3  | Reached skill level 10 in Fire Magic
 36869 | Snake:3  | Found a shattered altar of Ashenzari.
 37703 | Snake:4  | Entered Level 4 of the Snake Pit
 37988 | Snake:4  | Noticed Louise
 37996 | Snake:4  | Killed Louise
 38269 | Snake:4  | Received a gift from Sif Muna
 38286 | Snake:4  | Reached skill level 14 in Fighting
 39933 | Snake:4  | Reached skill level 15 in Fighting
 40079 | Snake:4  | Got a serpentine rune of Zot
 40409 | Vaults:1 | Entered Level 1 of the Vaults
 40466 | Vaults:1 | Identified Sif Muna's Tome of the Venomous Glacier (Sif
                  | Muna gifted it to you on level 1 of the Vaults)
 40466 | Vaults:1 | Received a gift from Sif Muna
 40499 | Vaults:1 | Reached XP level 19. HP: 151/201 MP: 35/36
 40835 | Vaults:1 | Found a roughly hewn altar of Beogh.
 41603 | D:9      | Bought the +3 hat of Pondering {ponderous, MR+ MP+10 Int+5}
                  | for 1066 gold pieces
 41603 | D:9      | Found the +3 hat of Pondering {ponderous, MR+ MP+10 Int+5}
 44650 | Vaults:1 | Identified Sif Muna's Volume of Translocation and Creation
                  | (Sif Muna gifted it to you on level 1 of the Vaults)
 44650 | Vaults:1 | Received a gift from Sif Muna
 44696 | Vaults:1 | Learned a level 2 spell: Swiftness
 45154 | Vaults:2 | Reached skill level 16 in Fighting
 46355 | Vaults:2 | Noticed a lich
 46364 | Vaults:2 | Killed a lich
 46526 | Vaults:2 | Found a radiant altar of Vehumet.
 46540 | Vaults:2 | Identified Haarr's Handbook of Transformation and
                  | Weightlessness (Sif Muna gifted it to you on level 2 of the
                  | Vaults)
 46540 | Vaults:2 | Received a gift from Sif Muna
 46756 | Vaults:3 | Reached skill level 17 in Fighting
 46764 | Vaults:3 | Reached XP level 20. HP: 190/218 MP: 38/38
 47651 | Vaults:3 | Reached skill level 18 in Fighting
 47819 | Vaults:3 | Found a staircase to the Crypt.
 48145 | Vaults:3 | Found Coti's Assorted Antiques.
 48161 | Vaults:3 | Identified Sif Muna's Papyrus of Evil Enhancements (Sif
                  | Muna gifted it to you on level 3 of the Vaults)
 48161 | Vaults:3 | Received a gift from Sif Muna
 48770 | Vaults:3 | Reached skill level 10 in Conjurations
 49625 | Vaults:4 | Found Ajoan's Jewellery Emporium.
 49681 | Vaults:4 | Identified Sif Muna's Compendium of the Evil Birds (Sif
                  | Muna gifted it to you on level 4 of the Vaults)
 49681 | Vaults:4 | Received a gift from Sif Muna
 49899 | Vaults:4 | Reached XP level 21. HP: 232/232 MP: 39/39
 50572 | Vaults:4 | Reached skill level 15 in Spellcasting
 50580 | Vaults:4 | Reached ****** piety under Sif Muna
 50750 | Vaults:4 | Learned a level 6 spell: Conjure Ball Lightning
 50823 | Crypt:1  | Entered Level 1 of the Crypt
 51943 | Crypt:2  | Identified Sif Muna's Tome of Flying Conjuration (Sif Muna
                  | gifted it to you on level 2 of the Crypt)
 51943 | Crypt:2  | Received a gift from Sif Muna
 52528 | Crypt:2  | Reached skill level 19 in Fighting
 52812 | Crypt:3  | Entered Level 3 of the Crypt
 53163 | Crypt:3  | Noticed a bone dragon
 53435 | Crypt:3  | Killed a bone dragon
 53485 | Crypt:3  | Found a staircase to the Tomb.
 53550 | Crypt:3  | Identified Sif Muna's Volume of Unholy Secrets and
                  | Transmigration (Sif Muna gifted it to you on level 3 of the
                  | Crypt)
 53550 | Crypt:3  | Received a gift from Sif Muna
 53551 | Crypt:3  | Noticed Xtahua
 53564 | Crypt:3  | Killed Xtahua
 53679 | Crypt:3  | Learned a level 3 spell: Regeneration
 53708 | Crypt:3  | Identified the ring of Muij {rC++ rN+}
 53733 | Crypt:3  | Noticed an ancient lich
 53744 | Crypt:3  | Killed an ancient lich
 53744 | Crypt:3  | Reached XP level 22. HP: 245/245 MP: 31/41
 53750 | Crypt:3  | Found an ancient bone altar of Kikubaaqudgha.
 53766 | Crypt:3  | Identified the ring "Zigg" {rN+ Str-2 Int+2 Dex+4} (You
                  | found it on level 3 of the Crypt)
 53812 | Crypt:3  | Reached skill level 1 in Charms
 53812 | Crypt:3  | Reached skill level 1 in Necromancy
 54193 | Crypt:3  | Reached skill level 20 in Fighting
 54600 | Shoals:1 | Entered Level 1 of the Shoals
 54672 | Shoals:1 | Found a large runed translucent door.
 54675 | Shoals:1 | Found a large runed translucent door.
 54753 | Shoals:1 | Learned a level 4 spell: Olgreb's Toxic Radiance
 54988 | Shoals:1 | Noticed Teryn's ghost (journeyman DsAK)
 55222 | Shoals:1 | Killed Teryn's ghost
 55679 | Temple   | Entered the Ecumenical Temple
 55758 | Temple   | Fell from the grace of Sif Muna
 55758 | Temple   | Became a worshipper of Cheibriados the Contemplative
 56032 | Shoals:2 | Found Rdawnamy's Retail Resort.
 56230 | Shoals:2 | Bought the amulet of the Establishment {Regen+ Int+4 Dex-4}
                  | for 518 gold pieces
 56496 | Shoals:2 | Reached * piety under Cheibriados
 57109 | Shoals:3 | Reached ** piety under Cheibriados
 57114 | Shoals:3 | Reached skill level 1 in Poison Magic
 57808 | Shoals:4 | Entered Level 4 of the Shoals
 57843 | Shoals:4 | Reached *** piety under Cheibriados
 58071 | Shoals:4 | Reached **** piety under Cheibriados
 58267 | Shoals:4 | Got a barnacled rune of Zot
 58645 | Elf:1    | Entered Level 1 of the Elven Halls
 58681 | Elf:1    | Reached ***** piety under Cheibriados
 58709 | Elf:1    | Found a ruined gateway.
 58758 | Desolati | Entered the Desolation of Salt
 58857 | Desolati | Got a fine ivory ring
 58858 | Desolati | Identified the cursed ring of Iluot {rF+ AC-3 SInv} (You
                  | found it in the Desolation of Salt)
 58864 | Desolati | Identified Xuveloekhloc's Tome of Vitriolic Ignition
 58867 | Desolati | Identified Kuzxyig's Guide on Evil and Malediction
 58871 | Desolati | Identified the +8 demon blade "Juled" {freeze, rC+++ Str-3
                  | Int-4 SInv} (You found it in the Desolation of Salt)
 58942 | Desolati | Reached XP level 23. HP: 257/257 MP: 43/43
 58989 | Desolati | Identified the ring of Ymir {rElec rF+ rN+ Str+4 Int-3}
 59127 | Desolati | Reached skill level 10 in Throwing
 59433 | Desolati | Reached ****** piety under Cheibriados
 59567 | Desolati | Identified the +5 hunting sling of Arrival {freeze, +Blink
                  | rN+}
 59567 | Desolati | Identified the ring of Wawuakh {Int+3 Dex+4}
 60028 | Vaults:2 | Learned a level 1 spell: Apportation
 60034 | Vaults:2 | Learned a level 5 spell: Borgnjor's Vile Clutch
 60259 | Elf:1    | Reached skill level 10 in Earth Magic
 60624 | Elf:1    | Noticed Azrael
 60643 | Elf:1    | Killed Azrael
 61670 | Elf:2    | Reached skill level 10 in Transmutations
 61688 | Elf:2    | Found a runed translucent gate.
 62570 | Elf:2    | Reached skill level 21 in Fighting
 62681 | Elf:2    | Found a runed translucent gate.
 62681 | Elf:2    | Found a runed translucent gate.
 63370 | Elf:3    | Entered Level 3 of the Elven Halls
 63907 | Elf:3    | Reached skill level 10 in Invocations
 63915 | Elf:3    | Reached XP level 24. HP: 270/270 MP: 43/43
 64120 | Elf:3    | Identified a scroll of acquirement
 65625 | Snake:2  | Bought a scroll of enchant weapon for 232 gold pieces
 66021 | Elf:3    | Identified the Reference Book on the Rocks
 66021 | Elf:3    | Was forgiven by Sif Muna
 66049 | Elf:3    | Got a translucent ruby amulet
 66050 | Elf:3    | Identified the amulet "Alusupp" {Gourm rPois rF+} (You
                  | found it on level 3 of the Elven Halls)
 66051 | Elf:3    | Identified the +7 rapier of the Eggplant {antimagic, +Blink
                  | rN+ Dex-5}
 66070 | Elf:3    | Identified Sif Muna's Disquisition on Execration
 66112 | Elf:3    | Identified the +8 war axe "Jierot" {venom, rElec} (You
                  | found it on level 3 of the Elven Halls)
 67190 | Slime:1  | Entered Level 1 of the Pits of Slime
 67845 | Slime:2  | Noticed Dissolution
 67853 | Slime:2  | Killed Dissolution
 68210 | Slime:3  | Reached skill level 10 in Armour
 68553 | Slime:5  | Entered Level 5 of the Pits of Slime
 68795 | Slime:5  | Noticed the Royal Jelly
 68805 | Slime:5  | Killed the Royal Jelly
 69077 | Slime:5  | Found the +10 morningstar "Eos" {elec, Halo rElec}
 69116 | Slime:5  | Got a brightly glowing silver ring
 69117 | Slime:5  | Identified the ring of Nuazazus {+Blink Dex+4 SInv} (You
                  | found it on level 5 of the Pits of Slime)
 69160 | Slime:5  | Got a slimy rune of Zot
 69170 | Slime:5  | Identified Ykef's Grimoire of Calling
 69206 | Slime:5  | Identified the Volume of the Compass and Envenoming
 69222 | Slime:5  | Got a vibrating pewter ring
 69223 | Slime:5  | Identified the ring "Bysm" {rElec rF- MP+9 Dex+4} (You
                  | found it on level 5 of the Pits of Slime)
 69954 | Depths:1 | Entered Level 1 of the Depths
 70225 | Depths:1 | Reached XP level 25. HP: 214/279 MP: 43/43
 70299 | Depths:1 | Found a gateway to Hell.
 70374 | Depths:1 | You fall into a shaft and drop 1 floor!
 70469 | Depths:2 | Noticed Nikola
 70480 | Depths:2 | Killed Nikola
 70850 | Depths:2 | Reached skill level 1 in Evocations
 70877 | Depths:2 | Learned a level 4 spell: Airstrike
 70911 | Depths:2 | Identified Huxebrej's Tome of the Frostbite
 70914 | Depths:2 | Identified Vomouz's Guide on Snow
 70980 | Depths:1 | Found Qyunaoh's Jewellery Shoppe.
 70983 | Depths:1 | Bought the ring "Tiung" {rElec rC+ Int+6 Dex+5} for 1645
                  | gold pieces
 71046 | Depths:1 | Found Qitheomn's General Store.
 71046 | Depths:1 | Found Acur's Book Shop.
 71060 | Depths:1 | Bought a book of Enchantments for 700 gold pieces
 71066 | Depths:1 | Learned a level 5 spell: Yara's Violent Unravelling
 71473 | Depths:2 | Reached skill level 1 in Hexes
 71560 | Depths:2 | Found a gateway to a ziggurat.
 72614 | Depths:3 | Found a one-way gate leading to the halls of Pandemonium.
 72915 | Depths:4 | Reached skill level 22 in Fighting
 72936 | Depths:4 | Reached XP level 26. HP: 286/289 MP: 24/44
 73184 | Depths:4 | Noticed Mara
 73199 | Depths:4 | Killed Mara
 73617 | Depths:4 | Reached skill level 5 in Necromancy
 74049 | Depths:4 | Found a one-way gate to the infinite horrors of the Abyss.
 74093 | Depths:5 | Entered Level 5 of the Depths
 74093 | Depths:5 | Found Voismutz's Armour Boutique.
 74114 | Depths:5 | Noticed a juggernaut
 74134 | Depths:4 | Killed a juggernaut
 74134 | Depths:4 | Reached skill level 5 in Evocations
 74308 | Depths:5 | Noticed a juggernaut
 75110 | Depths:5 | Found a gate to the Realm of Zot.
 75136 | Zot:1    | Entered Level 1 of the Realm of Zot
 75212 | Zot:1    | Identified the +7 quarterstaff "Ikkaplogg" {speed, rN+}
 75296 | Zot:1    | Reached skill level 23 in Fighting
 75296 | Zot:1    | Reached XP level 27. HP: 303/303 MP: 27/45
 76261 | Zot:2    | Reached skill level 24 in Fighting
 76278 | Zot:2    | Reached skill level 15 in Polearms
 77189 | Zot:3    | Found a transporter.
 77201 | Zot:3    | Reached skill level 25 in Fighting
 77267 | Zot:3    | Reached skill level 15 in Armour
 77317 | Zot:3    | Found a transporter.
 78244 | Zot:4    | Reached skill level 26 in Fighting
 78250 | Zot:4    | HP: 17/413 [golden dragon (17)]
 78250 | Zot:4    | Mangled by a golden dragon

Levels and vault maps discovered:
D:1:      lightli_iron_boxes, layout_loops_ring, serial_bayou_pond_d,
          minmay_misc_feat_nine_boxes
D:2:      layout_loops_ring, uniq_jessica
D:3:      layout_loops_ring, first_ration, minivault_14,
          grunt_gozag_breadcrumbs, uniq_ijyb
D:4:      layout_loops_ring, gammafunk_temple_overflow_statue
D:5:      layout_loops_cross, led_sif_book, ebering_ghost_sewer_d
D:6:      layout_basic, minmay_temple_entry_enclosed_plants, basic_altar,
          nicolae_ossuary_entry_monument, uniq_eustachio
D:7:      layout_basic
D:8:      layout_basic, gammafunk_temple_overflow_pools, basic_altar,
          nicolae_dithmenos_the_darkroom
D:9:      layout_cave_pools, eat_drink_and_be_merry_uskayaw, serial_shops, shop,
          grunt_decor_cap, blue_anna_alchemist [blue_anna_fruit_fields,
          blue_anna_fruit_fields], uniq_maurice, uniq_harold
D:10:     layout_rooms
D:11:     layout_cave_pools, erik_lair_island
D:12:     minmay_the_grid_four_pointed_star [minmay_the_grid_triangle_9x9_steps,
          minmay_the_grid_triangle_9x9_intruding_spiral,
          minmay_the_grid_triangle_9x9_tough_junction,
          minmay_the_grid_triangle_9x9_from_above,
          minmay_the_grid_prize_four_corners_diamond_a], layout_rooms,
          orc_0_dummy, serial_shops, nicolae_shop_crystal, serial_bayou_lake_a
D:13:     layout_roguey, grunt_vaults_entry_tiered
D:14:     layout_roguey, basic_altar, drop_trap, david_defended_altar_elf
D:15:     hangedman_slaughterboxes, serial_shops
Temple:   lightli_temple_of_artemis
Lair:1:   layout_cave_pods, chequers_serial_rivers_large_a,
          nicolae_lair_grove_arrangements, st_stairs_5, grunt_megastairs_2
Lair:2:   layout_small_grid, gauntlet_entry_generic,
          nicolae_volcano_entry_vermiform, lemuel_fruit_tree,
          minmay_lair_oklob_chamber, uniq_erica
Lair:3:   layout_regular_city, minmay_shoals_entry_beasts,
          minmay_snake_entry_guardpost_medium, minivault_27, minivault_25,
          uniq_fannar
Lair:4:   layout_hall_layers
Lair:5:   layout_loops_ring, dpeg_slime_entry_enclosed_altar,
          chequers_serial_rivers_large_b, grunt_forest_small_clearings
Lair:6:   minmay_lair_end_frog_pond, layout_loops_ring
Shoals:1: layout_shoals, ebering_ghost_disaster_area, kb_tengu_band
Shoals:2: layout_shoals, nicolae_alphabet_shops
Shoals:3: layout_shoals
Shoals:4: shoals_end_simple, layout_shoals, yaktaur_hedge
Snake:1:  layout_layer_cave, guppyfry_library_mini, grunt_megastairs_4,
          minmay_shop_grove
Snake:2:  layout_basic, serial_shops, nicolae_shop_crystal, minmay_shop_star,
          uniq_asterion, uniq_frances
Snake:3:  layout_concentric_octagons, basic_altar, drop_trap, st_stairs_14
Snake:4:  johnstein_snake_rune_scales, layout_misc_corridors, uniq_louise
Slime:1:  layout_caves
Slime:2:  layout_caves, dissolution_awaits
Slime:3:  layout_caves
Slime:4:  layout_caves
Slime:5
Orc:1:    layout_caves
Orc:2:    st_orc_congregation, layout_diamond_mine, lightli_orcish_oven,
          uniq_donald, uniq_jorgrun
Elf:1:    layout_geoelf_octagon, portal_desolation_entry_nicolae_nacl,
          minivault_28, minivault_8, uniq_azrael
Elf:2:    layout_gridlike
Elf:3:    elf_hall, layout_onion_city
Vaults:1: hangedman_vaults_variations, nicolae_vaults_little_squares_2,
          v_misc_33, vaults_room_door_ring, v_misc_27, vaults_room_fancy_cross,
          special_room_vaults [special_room_orc], layout_vaults_quadrants
Vaults:2: nicolae_vaults_shelves_hall, v_misc_27,
          nicolae_vaults_disjoint_gnomons, hangedman_vaults_snaps,
          vaults_room_pool, ontoclasm_vaults_ring_square, vaults_room_pools,
          hangedman_vaults_stretched_pinwheel, grunt_tower_of_power,
          nicolae_vaults_alarming, grunt_vaults_hallway_short, v_misc_4,
          vaults_room_fours, nicolae_vaults_little_squares_4,
          layout_vaults_omnibox
Vaults:3: nicolae_vaults_big_ls, nicolae_vaults_little_squares_1,
          minmay_crypt_entry_simple_corners, hangedman_vaults_pinch,
          nicolae_vaults_twisting_passages, nicolae_vaults_network_barrier,
          nicolae_vaults_rhombus_7, vaults_room_fours,
          grunt_vaults_hallway_short, nicolae_vaults_specimen_jars,
          hangedman_vaults_cutoff, layout_vaults_maze_snakey, serial_shops, shop
Vaults:4: v_misc_9, ontoclasm_vaults_ring_square,
          nicolae_vaults_little_squares_1, hangedman_vaults_nails,
          vaults_room_fancy_cross, vaults_mumra_lcd, st_smaller_cells,
          nicolae_vaults_three_branches, vaults_room_fours,
          nicolae_vaults_asterisk, layout_vaults_big_room, serial_shops, shop
Crypt:1:  layout_gridlike, roderic_lattice_octagonal_star,
          grunt_crypt_arrival_guarded_gate
Crypt:2:  layout_misc_corridors
Crypt:3:  cryptofortress_bobbens, uniq_xtahua
Depths:1: layout_roguey, serial_shops, kennysheep_mini, hangedman_decor_push,
          hell_entry, kennysheep_generic_room_7, minmay_shoptagon
Depths:2: mu_elemental_laboratory, layout_cave_pools, enter_ziggurat_c,
          lightli_too_deep, minmay_misc_feat_rows, kennysheep_cluttered_room,
          firewood_loft, uniq_nikola
Depths:3: cheibrodos_salmonella, layout_cave_pools, grunt_pan_entry_in_and_out,
          corexii_corridor_pit, hangedman_coc_ice_floe,
          infiniplex_staircase_spiral, serial_bayou_shore_a,
          serial_bayou_shore_b
Depths:4: minmay_nested_s, layout_gridlike, hell_entry,
          abyss_entry_small_statue_room, nrook_pool_corridor, uniq_mara
Depths:5: evilmike_zot_entry_basic, layout_cross, serial_shops, shop,
          nicolae_benzene_ring, hell_entry
Zot:1:    layout_misc_corridors
Zot:2:    layout_gridlike, zot_minivault_7
Zot:3:    gammafunk_sealed_arena, layout_twisted_circle
Zot:4:    lemuel_halls_of_wrath, layout_onion

Skill      XL: |  1  2  3  4  5  6  7  8  9 10 11 12 13 14 15 16 17 18 19 20 21 22 23 24 25 26 27 |
---------------+----------------------------------------------------------------------------------+-----
Fighting       | 1 2 3 4 5 6 7 8 9 11 12 13 15 17 18 19 20 21 22 23 26 | 26.1
Fire Magic     | 3 4 5 6 7 8 9 10 | 10.0
Conjurations   | 1 2 3 4 5 6 7 8 9 10 11 | 11.0
Spellcasting   | 3 4 5 6 7 8 9 10 11 12 13 14 15 16 17 18 | 18.0
Throwing       | 1 2 3 5 6 9 11 12 13 14 | 14.6
Polearms       | 2 3 4 5 6 8 9 10 11 12 13 14 15 | 15.6
Axes           | 1 2 |  2.1
Transmutations | 2 3 4 5 6 8 9 10 | 10.5
Earth Magic    | 2 3 4 5 6 8 9 10 11 | 11.4
Shields        | 3 9 |  9.1
Translocations | 2 |  2.0
Armour         | 4 6 7 13 14 15 | 15.2
Invocations    | 2 4 6 7 8 10 11 12 | 12.2
Stealth        | 3 4 |  4.0
Air Magic      | 2 5 8 |  8.6
Summonings     | 2 5 |  5.0
Charms         | 3 4 |  4.1
Necromancy     | 4 6 |  6.0
Poison Magic   | 3 |  3.2
Dodging        | 4 |  4.7
Evocations     | 3 5 6 |  6.0
Hexes          | 3 4 |  4.3
Short Blades   | |  0.1

Action                   |  1- 3 |  4- 6 |  7- 9 | 10-12 | 13-15 | 16-18 | 19-21 | 22-24 | 25-27 || total
-------------------------+-------+-------+-------+-------+-------+-------+-------+-------+-------++-------
Melee: Dagger            |       |    15 |       |       |       |       |       |       |       ||    15
       Spear             |       |    17 |   164 |   362 |  1377 |   335 |   426 |       |       ||  2681
       Demon trident     |       |       |       |       |       |   255 |   895 |  1023 |   892 ||  3065
Throw: Dart              |       |    15 |    30 |    89 |   230 |    19 |    41 |       |       ||   424
       Boomerang         |       |       |       |    14 |    45 |   334 |    32 |   361 |   252 ||  1038
       Large rock        |       |       |       |       |       |       |    17 |     7 |       ||    24
       Javelin           |       |       |       |       |       |       |       |    27 |     6 ||    33
 Cast: Flame Tongue      |    47 |   106 |   110 |   160 |    83 |     9 |       |     2 |       ||   517
       Sticky Flame      |       |     1 |    11 |    27 |    88 |    57 |    44 |     3 |     7 ||   238
       Conjure Flame     |       |       |     6 |    13 |    49 |    41 |    48 |     5 |     5 ||   167
       Stone Arrow       |       |       |       |     4 |     9 |     7 |     6 |       |       ||    26
       Fireball          |       |       |       |     6 |    59 |    50 |    70 |    25 |    24 ||   234
       Blink             |       |       |       |       |     2 |       |       |     2 |     1 ||     5
       Summon Lightning  |       |       |       |       |       |   104 |    96 |   136 |    89 ||   425
       Statue Form       |       |       |       |       |       |     1 |    28 |    68 |    31 ||   128
       Conjure Ball Ligh |       |       |       |       |       |       |     4 |     8 |       ||    12
       Olgreb's Toxic Ra |       |       |       |       |       |       |       |    16 |    12 ||    28
       Regeneration      |       |       |       |       |       |       |       |    32 |    40 ||    72
       Borgnjor's Vile C |       |       |       |       |       |       |       |     7 |   117 ||   124
       Apportation       |       |       |       |       |       |       |       |     1 |       ||     1
       Airstrike         |       |       |       |       |       |       |       |       |     6 ||     6
       Yara's Violent Un |       |       |       |       |       |       |       |       |     1 ||     1
Invok: Channel Magic     |       |       |       |       |       |     1 |       |       |       ||     1
       Slouch            |       |       |       |       |       |       |       |       |     6 ||     6
 Abil: Evoke Flight      |       |       |       |       |       |       |       |       |     3 ||     3
Evoke: Wand              |       |       |       |    30 |     5 |     6 |     2 |       |       ||    43
       Lamp of fire      |       |       |       |       |       |       |       |     1 |       ||     1
  Use: Scroll            |       |     7 |    11 |    11 |     8 |     4 |     7 |    38 |     5 ||    91
       Potion            |       |       |     1 |     5 |     2 |     3 |     4 |     1 |     1 ||    17
 Stab: Sleeping          |       |       |     4 |       |     8 |       |     9 |     5 |     3 ||    29
       Distracted        |       |       |       |     1 |     2 |    14 |    16 |    22 |    21 ||    76
       Invisible         |       |       |       |     1 |       |       |       |       |       ||     1
       Paralysed         |       |       |       |       |     6 |       |       |       |       ||     6
  Eat: Chunk             |       |    11 |    12 |    23 |    49 |     8 |    31 |     7 |    13 ||   154
       Ration            |       |       |     1 |     2 |     2 |     9 |     7 |    11 |     1 ||    33
Armor: Robe              |     6 |    18 |    23 |    68 |       |       |       |       |       ||   115
       Troll leather arm |       |       |       |     3 |   100 |    81 |    45 |    78 |       ||   307
       Skin              |       |       |       |       |       |     4 |   375 |   437 |   477 ||  1293
       Gold dragon scale |       |       |       |       |       |       |       |    41 |   229 ||   270
Dodge: Dodged            |     5 |    27 |    61 |   134 |   143 |   102 |   244 |   323 |   453 ||  1492
Block: Other             |       |     8 |    10 |    13 |       |       |       |       |       ||    31
       Reflection        |       |     1 |       |    30 |    17 |    73 |    61 |    68 |    38 ||   288
       Shield            |       |       |       |   159 |   332 |   267 |   553 |   612 |   648 ||  2571
